 Dungeon Crawl Stone Soup version 0.23-a0-644-gb60d84b (webtiles) character file.

54 Firecrotchwizard the Chopper (level 3, 0/31 HPs)
             Began as a Hill Orc Gladiator on Jan 1, 2019.
             Succumbed to an adder's poison
             ... on level 3 of the Dungeon.
             The game lasted 00:02:15 (1510 turns).

Firecrotchwizard the Chopper (Hill Orc Gladiator)   Turns: 1510, Time: 00:02:16

Health: 0/31       AC:  6    Str: 17    XL:     3   Next: 91%
Magic:  3/3        EV: 11    Int:  8    God:
Gold:   123        SH:  0    Dex: 12    Spells: 2/2 levels left

rFire    . . .     SeeInvis .   a - +0 war axe
rCold    . . .     Gourm    +   (no shield)
rNeg     + . .     Faith    .   s - +0 ring mail
rPois    .         Spirit   .   c - +0 helmet
rElec    .         Reflect  .   (no cloak)
rCorr    .         Harm     .   (no gloves)
MR       .....                  (no boots)
Stlth    ..........             t - amulet of the gourmand {Gourm, !d}
HPRegen  0.10/turn              g - ring of positive energy {rN+}
MPRegen  0.08/turn              q - ring of attention (curse)

@: lethally poisoned (0 -> -3), slowed, very slow
A: no striking features
a: no special abilities


You were on level 3 of the Dungeon.
You were not hungry.

You visited 1 branch of the dungeon, and saw 3 of its levels.

You collected 123 gold pieces.

Inventory:

Hand Weapons
 a - a +0 war axe (weapon)
Missiles
 d - 3 throwing nets {=f, !d}
Armour
 b - a +0 leather armour
 c - a +0 helmet (worn)
 s - a +0 ring mail (worn)
   (You found it on level 2 of the Dungeon)
Jewellery
 g - a ring of positive energy (left hand) {rN+}
   (You found it on level 1 of the Dungeon)
 q - a cursed ring of attention (right hand)
   (You found it on level 2 of the Dungeon)
 t - an amulet of the gourmand (around neck) {Gourm, !d}
   (You found it on level 3 of the Dungeon)
Scrolls
 h - 2 scrolls of identify
 k - a scroll of blinking {unknown}
 m - a scroll of random uselessness
 o - a scroll of fog {unknown}
 p - a scroll of amnesia {unknown}
 r - a scroll of teleportation
Potions
 e - 2 potions of curing {unknown}
 i - 2 potions of heal wounds {unknown}
 j - a potion of berserk rage {unknown}
 n - a potion of degeneration {unknown}
Comestibles
 f - 5 rations
 l - 2 chunks of flesh {@w0}


   Skills:
 + Level 3.2 Fighting
 * Level 5.2 Axes
 - Level 1.7 Throwing
 + Level 1.6 Armour
 - Level 2.4 Dodging


You had 2 spell levels left.
You didn't know any spells.
Your spell library was empty.

Dungeon Overview and Level Annotations

Branches:
Dungeon (3/15)

Altars:
Dithmenos

Annotations:
D:3 Natasha


Message History

You take 3 damage, and have 28/31 hp.
You slash the adder!
You kill the adder!
You feel sick. The bat closely misses you.
You take 1 damage, and have 27/31 hp.
You slash the bat!
You kill the bat!
You feel sick.
No target in view!
No target in view!
You feel sick.
You see here an adder corpse.
You take 1 damage, and have 26/31 hp.
You butcher the adder corpse.
l - 3 chunks of flesh {@w0} (gained 1)
You see here an adder skeleton.
You feel sick.
You take 1 damage, and have 25/31 hp.
You feel sick.
You take 1 damage, and have 24/31 hp.
t - a dented copper amulet
There are no items here.
As you read the scroll labeled KAHOVI CAWIUFF, it crumbles to dust.
It is a scroll of identify.
t - an uncursed amulet of the gourmand You feel sick.
You take 1 damage, and have 23/31 hp.
You feel a craving for the dungeon's cuisine.
t - an amulet of the gourmand (around neck) {Gourm, !d} Oops, that ring feels deathly cold.
q - a cursed ring of attention (right hand) Autoeating chunks.
Eating one of 3 chunks of flesh {@w0}.
You eat one of the 3 chunks of flesh {@w0}.
That was extremely unsatisfying.
As you read the scroll labeled YKORGH XYKLABB, it crumbles to dust.
You hear snatches of song.
It was a scroll of random uselessness.
You feel sick.
You take 1 damage, and have 23/31 hp.
As you read the scroll labeled ETAASIT VONNA, it crumbles to dust.
You feel strangely unstable.
It was a scroll of teleportation.
Your surroundings suddenly seem different.
You feel sick.
Natasha, Servant of Life and Death comes into view.
Natasha hisses angrily.
An adder comes into view.
The adder hisses angrily.
A goblin comes into view. It is wielding a +0 club.
The goblin shouts!
An adder comes into view.
The adder hisses angrily.
You hear a shout!
The goblin hits you but does no damage.
A rat comes into view.
The adder bites you but does no damage.
You take 1 damage, and have 22/31 hp.
You completely miss the adder. You slash the goblin!
You kill the goblin!
The adder barely misses you.
You barely miss the adder. You closely miss the adder.
The adder bites you but does no damage. x2; The adder barely misses you.
The adder bites you but does no damage.
You closely miss the adder. You barely miss the adder.
You feel sick.
A kobold comes into view.
The adder bites you. The adder bites you but does no damage.
The rat twitches its whiskers.
The rat bites you but does no damage.
You take 3 damage, and have 19/31 hp.
You hit the adder but do no damage. You closely miss the adder.
You barely miss the rat.
The adder bites you but does no damage. x2
The adder misses you. The adder bites you.
You are more poisoned.
The adder poisons you! The rat closely misses you.
You take 1 damage, and have 18/31 hp.
You barely miss the adder. You hit Natasha but do no damage. You slash the rat!
You kill the rat!
You miss the adder.
A bat comes into view.
The adder bites you but does no damage. The adder misses you.
Natasha claws you! The adder bites you.
* * * LOW HITPOINT WARNING * * *
You take 10 damage, and have 8/31 hp.
MASSIVE DAMAGE!!
You completely miss the adder. You closely miss Natasha.
You hit the adder but do no damage.
You feel sick. The adder bites you.
* * * LOW HITPOINT WARNING * * *
Natasha claws you but does no damage. The adder completely misses you.
The adder bites you but does no damage.
You take 5 damage, and have 3/31 hp.
You completely miss the adder. You barely miss the adder.
You closely miss the bat. You hit Natasha. The bat hits you but does no damage.
The adder bites you but does no damage. The adder barely misses you.
Natasha casts a spell at you.
You feel yourself slow down. The adder bites you but does no damage.
The adder misses you. Natasha claws you.
* * * LOW HITPOINT WARNING * * *
You take 2 damage, and have 1/31 hp.
You miss the adder. x2; You barely miss Natasha.
You die...

#. .. ## .. #.#.. #.
#.#.# #. #.#.# . #. #.
#...######. #..#h###
##..#......
#..KS@.#####......<...
......S†................
#..##b.#.............!..
. #.# .#######...÷....
#. .# #......%. .. .#
#........ .. .#
#.......( ... .#
##.?..%.. ##.....#


You could see Natasha, 2 adders, a bat and a kobold.

Vanquished Creatures
  3 adders
  A worm (D:2)
  A dart slug (D:2)
  A leopard gecko (D:1)
  A ball python (D:1)
  3 giant cockroaches
  4 goblins
  A hobgoblin (D:1)
  3 bats
  3 frilled lizards (D:2)
  4 kobolds (D:1)
  3 rats
28 creatures vanquished.

Notes
Turn   | Place    | Note
-------+----------+-------------------------------------------
     0 | D:1      | Firecrotchwizard the Hill Orc Gladiator began the quest for
                  | the Orb.
     0 | D:1      | Reached XP level 1. HP: 18/18 MP: 1/1
   455 | D:1      | Reached XP level 2. HP: 15/25 MP: 2/2
   768 | D:2      | Reached skill level 1 in Armour
   888 | D:2      | Found a shadowy altar of Dithmenos.
   959 | D:2      | Reached skill level 3 in Fighting
   959 | D:2      | Reached XP level 3. HP: 20/31 MP: 3/3
  1197 | D:2      | Reached skill level 5 in Axes
  1502 | D:3      | Noticed Natasha
  1508 | D:3      | HP: 7/31 [poisoned by an adder]
  1508 | D:3      | HP: 3/31 [adder (4)]
  1509 | D:3      | HP: 1/31 [Natasha (2)]
  1510 | D:3      | Succumbed to an adder's poison

Vault maps used:
D:1:      arrival_zaba_pyramid
D:2:      lemuel_doored_altar, first_ration, minmay_stone_trees_small
D:3:      tso_metal_star, uniq_natasha

Skill      XL: |  1  2  3 |
---------------+----------+-----
Armour         | 1 |  1.6
Fighting       | 3 |  3.2
Axes           | 5 |  5.2
Throwing       | |  1.7
Dodging        | |  2.4

Action                   || total
-------------------------++-------
Melee: War axe           ||    62
  Use: Scroll            ||     3
  Eat: Chunk             ||     3
Armor: Leather armour    ||    10
       Ring mail         ||    27
Dodge: Dodged            ||    47

Table legend:
 A = Non-vault XP
 B = Vault XP
 C = Vault XP percentage of total XP
 D = Non-vault monster count
 E = Vault monster count
 F = Vault count percentage of total count
                 A         B        C        D         E       F
            +---------+---------+-------+---------+---------+-------
      Total |      78 |       0 |   0.0 |      28 |       0 |   0.0
            +---------+---------+-------+---------+---------+-------
        D:1 |      14 |       0 |   0.0 |       8 |       0 |   0.0
        D:2 |      46 |       0 |   0.0 |      16 |       0 |   0.0
        D:3 |      18 |       0 |   0.0 |       4 |       0 |   0.0
            +---------+---------+-------+---------+---------+-------

Vault maps used:
D:1:      arrival_zaba_pyramid
D:2:      lemuel_doored_altar, first_ration, minmay_stone_trees_small
D:3:      tso_metal_star, uniq_natasha

Table legend:
 A = Turns spent in this place as a percentage of turns spent in the entire game.
 B = Non-inter-level travel turns spent in this place as a percentage of non-inter-level travel turns spent in the entire game.
 C = Inter-level travel turns spent in this place as a percentage of turns spent in this place.
 D = Turns resting spent in this place as a percentage of non-inter-level travel turns spent in this place.
 E = Turns spent auto-exploring this place as a percentage of non-inter-level travel turns spent in this place.
 F = Non-inter-level travel turns spent in this place divided by the number of levels of this place that you've seen.
                   A       B       C       D       E      F
               +-------+-------+-------+-------+-------+----------------------
         Total | 100.0 | 100.0 |   3.3 |  28.1 |  59.2 | 486.7
       Dungeon | 100.0 | 100.0 |   3.3 |  28.1 |  59.2 | 486.7
               +-------+-------+-------+-------+-------+----------------------

Table legend:
 A = Kills in this place as a percentage of kills in entire the game.
 B = Kills by you in this place as a percentage of kills by you in the entire game.
 C = Kills by friends in this place as a percentage of kills by friends in the entire game.
 D = Other kills in this place as a percentage of other kills in the entire game.
 E = Experience gained in this place as a percentage of experience gained in the entire game.
 F = Experience gained in this place divided by the number of levels of this place that you have seen.
                   A       B       C       D       E      F
               +-------+-------+-------+-------+-------+----------------------
         Total | 100.0 | 100.0 |   N/A |   N/A | 100.0 |  26.0
       Dungeon | 100.0 | 100.0 |   N/A |   N/A | 100.0 |  26.0
               +-------+-------+-------+-------+-------+----------------------
